[Event "*** SCC Grand Prix: Titled Tuesday Blitz"]
[Site "Chess.com"]
[Date "2020.06.02"]
[Round "4"]
[White "vinniethepooh"]
[Black "Gerasimenyuk_Miha"]
[Result "1-0"]
[WhiteElo "2584"]
[BlackElo "2355"]
[TimeControl "180+1"]
[EndTime "10:36:41 PDT"]
[Termination "vinniethepooh won by resignation"]

1. d4 d6 2. c4 Nf6 3. Nc3 g6 4.
e4 Bg7 5. Be2 O-O 6. Be3 e5 7.
d5 Ne8 8. g4 f5 9. gxf5 gxf5 10. exf5 Bxf5 11. Qd2 c5 12. Nf3 Kh8 13. Rg1 Rg8 14.
Ng5 Qd7 15. Bh5 Rf8 16. Ne6 Bxe6 17. dxe6 Qxe6 18. Nd5 Na6 19. O-O-O Nb4 20. Nxb4 cxb4 21. Qxb4 Rc8 22. b3 d5 23. Bg4 Qc6 24. Bxc8 d4 25.
Rxg7 Kxg7 26. Qe7+ 1-0

[Event "*** SCC Grand Prix: Titled Tuesday Blitz"]
[Site "Chess.com"]
[Date "2020.06.02"]
[Round "4"]
[White "AGW2016"]
[Black "kingofthenil"]
[Result "1-0"]
[WhiteElo "2308"]
[BlackElo "2447"]
[TimeControl "180+1"]
[EndTime "10:36:47 PDT"]
[Termination "AGW2016 won on time"]

1. e4 Nc6 2. d4 d5 3. exd5 Qxd5 4. Nf3 e5 5. c3 Nf6 6. Be2 Bg4 7. O-O O-O-O 8. dxe5 Qxd1 9. Rxd1 Rxd1+ 10. Bxd1 Nd7 11. Bf4 Bxf3 12. Bxf3 Ncxe5 13. Be2 Bd6 14. Nd2 1-0

[Event "*** SCC Grand Prix: Titled Tuesday Blitz"]
[Site "Chess.com"]
[Date "2020.06.02"]
[Round "4"]
[White "grandcoach"]
[Black "MNyuyu"]
[Result "0-1"]
[WhiteElo "2084"]
[BlackElo "2270"]
[TimeControl "180+1"]
[EndTime "10:36:50 PDT"]
[Termination "MNyuyu won by resignation"]

1. e4 d5 2. exd5 Qxd5 3. Nc3 Qd8 4. d4 c6 5. Bc4 Bf5 6. Nge2 e6 7. O-O Nf6 8. Ng3 Bg6 9. f4 Bd6 10. f5 exf5 11.
Re1+ Be7 12. Qe2 Qxd4+ 13. Be3 Qe5 14. Qf3 O-O 15. Bf2 Qc7 16. Nxf5 Bxf5 17. Qxf5 Bd6 18.
Bh4 Nbd7 19. Rad1 Bxh2+ 20. Kh1 Bg3 21. Bg5 h6 22. Bxh6 Bxe1 23. Rxe1 Qg3 24. Bf4 Qxe1+ 0-1

[Event "*** SCC Grand Prix: Titled Tuesday Blitz"]
[Site "Chess.com"]
[Date "2020.06.02"]
[Round "4"]
[White "queen_iryna"]
[Black "ChEsper99"]
[Result "1-0"]
[WhiteElo "2276"]
[BlackElo "2047"]
[TimeControl "180+1"]
[EndTime "10:36:53 PDT"]
[Termination "queen_iryna won by resignation"]

1. d4 Nf6 2. Bg5 e6 3. e4 Be7 4. e5 Ng8 5. Bxe7 Nxe7 6. Nc3 d6 7. f4 b6 8. Nf3 Bb7 9. Bd3 c5 10. dxc5 dxc5 11. O-O Nd7 12. Ne4 O-O 13. Qe1 Bxe4 14. Qxe4 g6 15. Rad1 Qc7 16. Qe1 Rad8 17. Qh4 Nf5 18.
Bxf5 exf5 19. Ng5 h5 20. e6 Nf6 21. exf7+ Rxf7 22. Ne6 Rxd1 23. Nxc7 Rxf1+ 24. Kxf1 1-0

[Event "*** SCC Grand Prix: Titled Tuesday Blitz"]
[Site "Chess.com"]
[Date "2020.06.02"]
[Round "4"]
[White "Barmen_EV"]
[Black "topotun"]
[Result "1-0"]
[WhiteElo "2379"]
[BlackElo "2630"]
[TimeControl "180+1"]
[EndTime "10:36:55 PDT"]
[Termination "Barmen_EV won by resignation"]

1. d4 Nf6 2. c4 c5 3. d5 e6 4. Nc3 exd5 5. cxd5 d6 6. e4 g6 7. f4 Bg7 8. Bb5+ Nfd7 9. Be2 O-O 10. Nf3 Re8 11. O-O Na6 12. f5 Rb8 13. Kh1 Nc7 14. Bg5 Bf6 15. Bf4 Ne5 16. Nxe5 Bxe5 17. Bxe5 Rxe5 18.
Qd2 b5 19. Bd3 b4 20. Ne2 gxf5 21. Ng3 Ne8 22. exf5 Nf6 23. Qg5+ Kh8 24. Nh5 1-0

[Event "*** SCC Grand Prix: Titled Tuesday Blitz"]
[Site "Chess.com"]
[Date "2020.06.02"]
[Round "4"]
[White "Parhamov"]
[Black "adriangschnitzer"]
[Result "1-0"]
[WhiteElo "3078"]
[BlackElo "2465"]
[TimeControl "180+1"]
[EndTime "10:36:57 PDT"]
[Termination "Parhamov won by resignation"]

1. e4 c5 2. Nf3 Nc6 3. d4 cxd4 4. Nxd4 g6 5. c4 Bg7 6. Be3 Nf6 7.
Nc3 O-O 8. Be2 d6 9. O-O Bd7 10. f3 Nxd4 11. Bxd4 a5 12. Rc1 Bc6 13. Qd2 Nd7 14.
Be3 Nc5 15. Rfd1 a4 16. Rb1 Qb6 17. Nd5 Bxd5 18. cxd5 Rfc8 19. Rdc1 Qa5 20. Kf1 Qxd2 21. Bxd2 a3 22. b4 Nd7 23. Bb5 Nb6 24. Be3 Rxc1+ 25. Rxc1 Nc8 26. Bd7 Na7 27. Rc7 1-0

[Event "*** SCC Grand Prix: Titled Tuesday Blitz"]
[Site "Chess.com"]
[Date "2020.06.02"]
[Round "4"]
[White "Dedic8"]
[Black "CarlssonLudvig"]
[Result "1-0"]
[WhiteElo "2717"]
[BlackElo "2505"]
[TimeControl "180+1"]
[EndTime "10:37:01 PDT"]
[Termination "Dedic8 won on time"]

1. e4 c5 2. Nf3 d6 3. d4 cxd4 4. Nxd4 Nf6 5. Nc3 a6 6. h3 e6 7.
g4 b5 8. Bg2 Bb7 9. g5 Nfd7 10.
h4 Nc6 11. b3 Rc8 12. Bb2 Nxd4 13. Qxd4 Qb6 14. Qxb6 Nxb6 15. O-O-O b4 16. Ne2 d5 17. Bd4 Bc5 18. Bxg7 Rg8 19. Bd4 dxe4 20. Ng3 f5 21. gxf6 Ba8 22. Bxe4 Rxg3 23. Bxa8 1-0

[Event "*** SCC Grand Prix: Titled Tuesday Blitz"]
[Site "Chess.com"]
[Date "2020.06.02"]
[Round "4"]
[White "Boninknights"]
[Black "picturesquecheck"]
[Result "1-0"]
[WhiteElo "2391"]
[BlackElo "2120"]
[TimeControl "180+1"]
[EndTime "10:37:03 PDT"]
[Termination "Boninknights won by resignation"]

1. d4 Nf6 2. Nf3 d5 3. c4 e6 4. Nc3 dxc4 5. e3 a6 6. Bxc4 b5 7. Bd3 c5 8. dxc5 Bxc5 9. O-O Bb7 10. Qe2 O-O 11. Rd1 Qb6 12. b3 Nc6 13. Bb2 Rfd8 14. Rac1 Nb4 15. Bb1 Rac8 16. Ne5 Nbd5 17. Nxd5 Bxd5 18.
Ng4 Nxg4 19. Qxg4 g6 20. Qg5 e5 21. Qxe5 f6 22. Qxf6 Qxf6 23. Bxf6 Rd7 24. b4 1-0

[Event "*** SCC Grand Prix: Titled Tuesday Blitz"]
[Site "Chess.com"]
[Date "2020.06.02"]
[Round "4"]
[White "ehrenfeld"]
[Black "Mbneu"]
[Result "1-0"]
[WhiteElo "2439"]
[BlackElo "2242"]
[TimeControl "180+1"]
[EndTime "10:37:05 PDT"]
[Termination "ehrenfeld won by resignation"]

1. e4 c5 2. d3 Nf6 3. f4 d5 4. e5 Nfd7 5. Nf3 Nc6 6. c4 dxc4 7. dxc4 Nb6 8. Qxd8+ Nxd8 9. Nc3 a6 10. Be3 e6 11.
Ne4 Bd7 12. Bxc5 Bc6 13. Bxf8 Bxe4 14. Bxg7 Rg8 15. Bf6 Nd7 16. Bg5 Bxf3 17. gxf3 Nxe5 18. Bxd8 Nxf3+ 19. Kf2 Rxd8 20. Kxf3 Rd2 21. b3 Ke7 22. Be2 1-0

[Event "*** SCC Grand Prix: Titled Tuesday Blitz"]
[Site "Chess.com"]
[Date "2020.06.02"]
[Round "4"]
[White "Fandorine"]
[Black "JakubPulpan"]
[Result "1-0"]
[WhiteElo "2912"]
[BlackElo "2722"]
[TimeControl "180+1"]
[EndTime "10:37:08 PDT"]
[Termination "Fandorine won by resignation"]

1. e4 e5 2. Nf3 Nc6 3. Bc4 Nf6 4.
d3 Bc5 5. c3 O-O 6. Nbd2 a6 7.
Bb3 h6 8. h3 Ba7 9. g4 d5 10. g5 hxg5 11. Nxg5 Ng4 12. hxg4 Qxg5 13. Qf3 Qxg4 14. Bxd5 Ne7 15. Qxg4 Bxg4 16. Bxb7 Rad8 17. Bxa6 Ng6 18. Nb3 Rfe8 19. Be3 Bxe3 20. fxe3 f5 21. Bc4+ Kf8 22. exf5 Bxf5 23. Rf1 1-0

[Event "*** SCC Grand Prix: Titled Tuesday Blitz"]
[Site "Chess.com"]
[Date "2020.06.02"]
[Round "4"]
[White "AsaHoffmann"]
[Black "Tomytoteph"]
[Result "1-0"]
[WhiteElo "2457"]
[BlackElo "2292"]
[TimeControl "180+1"]
[EndTime "10:37:10 PDT"]
[Termination "AsaHoffmann won by resignation"]

1. d4 Nf6 2. Bg5 e6 3. Nd2 Be7 4. e3 d5 5. Bd3 c5 6. c3 Nc6 7. f4 h6 8. Bh4 a6 9. Ngf3 c4 10. Bc2 b5 11. O-O b4 12. Ne5 Bb7 13. f5 Nxe5 14.
dxe5 Ne4 15. Nxe4 dxe4 16. Ba4+ Kf8 17. fxe6 Bxh4 18. Rxf7+ Kg8 19. Rxb7 Qg5 20. e7 Qxe3+ 21. Kh1 Kh7 22. Qg4 Qg5 23. Qxe4+ Kg8 24. Qxc4+ Kh7 25. Bc2+ 1-0

[Event "*** SCC Grand Prix: Titled Tuesday Blitz"]
[Site "Chess.com"]
[Date "2020.06.02"]
[Round "4"]
[White "MashaFromRussia"]
[Black "Supernotar"]
[Result "0-1"]
[WhiteElo "2406"]
[BlackElo "2700"]
[TimeControl "180+1"]
[EndTime "10:37:15 PDT"]
[Termination "Supernotar won by resignation"]

1. d4 d5 2. c4 dxc4 3. Nf3 Nf6 4. e3 e6 5. Bxc4 a6 6. O-O b5 7. Be2 Bb7 8. Nc3 Nbd7 9. Qb3 c5 10. Rd1 Be7 11. dxc5 Bxc5 12. a4 b4 13. Na2 Qb6 14.
a5 Qxa5 15. Bd2 Qb6 16. Rac1 O-O 17. Nd4 a5 18. Rc2 a4 19. Qc4 b3 0-1

[Event "*** SCC Grand Prix: Titled Tuesday Blitz"]
[Site "Chess.com"]
[Date "2020.06.02"]
[Round "4"]
[White "harperchesstt"]
[Black "Pechen_Yeltsina"]
[Result "0-1"]
[WhiteElo "2183"]
[BlackElo "2703"]
[TimeControl "180+1"]
[EndTime "10:37:15 PDT"]
[Termination "Pechen_Yeltsina won on time"]

1. e4 g6 2. d4 Bg7 3. Nc3 d6 4. h4 h6 5. h5 g5 6. Nge2 a6 7. f3 b5 8. a3 Bb7 9. Ng3 e6 10.
Be3 Nd7 11. Bd3 Ne7 12. Qe2 c5 13. dxc5 dxc5 14. e5 Nxe5 15. Be4 Bxe4 16. Ngxe4 Nc4 17. Rd1 Qc7 18. Bxc5 O-O 19. Bd4 Bxd4 20. Rxd4 f5 21. Nd2 e5 22. Nxc4 exd4 23. Qe6+ Kg7 0-1

[Event "*** SCC Grand Prix: Titled Tuesday Blitz"]
[Site "Chess.com"]
[Date "2020.06.02"]
[Round "4"]
[White "Quaternitychess"]
[Black "HonzaVykouk"]
[Result "1-0"]
[WhiteElo "2826"]
[BlackElo "2633"]
[TimeControl "180+1"]
[EndTime "10:37:16 PDT"]
[Termination "Quaternitychess won by resignation"]

1. e4 c5 2. Nf3 d6 3. d4 cxd4 4. Nxd4 Nf6 5. Nc3 a6 6. Bg5 e6 7. Qf3 Nbd7 8. O-O-O Qc7 9. Kb1 b5 10. a3 Bb7 11. Bd3 h6 12. Bxf6 Nxf6 13. Qh3 Be7 14. f4 Rc8 15. Rhe1 Nd7 16. e5 dxe5 17. Nxe6 fxe6 18.
Qxe6 Nf8 19. Bg6+ Nxg6 20. Qxg6+ Kf8 21. fxe5 Kg8 22. Qe6+ Kh7 23. Rd7 Bc5 24. Qf5+ 1-0

[Event "*** SCC Grand Prix: Titled Tuesday Blitz"]
[Site "Chess.com"]
[Date "2020.06.02"]
[Round "4"]
[White "Konek-Gorbunok"]
[Black "emperor87"]
[Result "0-1"]
[WhiteElo "2303"]
[BlackElo "2590"]
[TimeControl "180+1"]
[EndTime "10:37:17 PDT"]
[Termination "emperor87 won by resignation"]

1. d4 Nf6 2. Nf3 g6 3. c4 Bg7 4.
Nc3 d5 5. cxd5 Nxd5 6. Bd2 O-O 7. e4 Nb6 8. Be3 Nc6 9. Be2 Bg4 10. d5 Bxf3 11.
gxf3 Ne5 12. Bd4 c6 13. f4 Ned7 14. Bxg7 Kxg7 15. dxc6 bxc6 16. Qd4+ e5 17. fxe5 Qg5 18. e6+ Nf6 19. e7 Rfe8 20. e5 Nfd5 21. e6+ Qf6 22. Qxf6+ Nxf6 23. exf7 Rxe7 24. O-O-O Rxf7 25. Bc4 Nxc4 0-1

[Event "*** SCC Grand Prix: Titled Tuesday Blitz"]
[Site "Chess.com"]
[Date "2020.06.02"]
[Round "4"]
[White "rpragchess"]
[Black "Kavyev_Ruslan"]
[Result "1-0"]
[WhiteElo "2865"]
[BlackElo "2543"]
[TimeControl "180+1"]
[EndTime "10:37:26 PDT"]
[Termination "rpragchess won by resignation"]

1. c4 Nf6 2. Nc3 c5 3. Nf3 Nc6 4. g3 g6 5. Bg2 Bg7 6. O-O O-O 7.
d3 d6 8. a3 Rb8 9. Rb1 b6 10. b4 Bb7 11. Bd2 e5 12. Bg5 h6 13.
Bxf6 Qxf6 14. Nd2 Qd8 15. Nd5 Nd4 16. e3 Ne6 17. Qa4 Ra8 18. Nf6+ Bxf6 19. Bxb7 Rb8 20. Bg2 Qc7 21. Ne4 Bg7 22. Nc3 Rfd8 23. Nb5 Qd7 24. Qxa7 Qe8 25. Bd5 Ng5 26. h4 Nh7 27. Nc3 Nf6 28. bxc5 bxc5 29. Rxb8 Rxb8 30. Bxf7+ 1-0

[Event "*** SCC Grand Prix: Titled Tuesday Blitz"]
[Site "Chess.com"]
[Date "2020.06.02"]
[Round "4"]
[White "KaterinaMiroshnik"]
[Black "Zmof"]
[Result "1-0"]
[WhiteElo "2437"]
[BlackElo "2239"]
[TimeControl "180+1"]
[EndTime "10:37:26 PDT"]
[Termination "KaterinaMiroshnik won by resignation"]

1. d4 f5 2. c4 Nf6 3. Nf3 g6 4. e3 Bg7 5. Nc3 O-O 6. Bd3 d6 7. O-O Qe8 8. b4 e5 9. dxe5 dxe5 10. c5 e4 11. Bc4+ Be6 12. Bxe6+ Qxe6 13. Nd4 Qe7 14. Qb3+ Kh8 15. b5 Nbd7 16. c6 Nc5 17. Qb4 b6 18.
Na4 Nd5 19. Qa3 Rae8 20. Bb2 Nd3 21. Qxe7 Rxe7 22. Ba3 Bxd4 23. exd4 Rd8 24. Bxe7 Nxe7 25.
Rfd1 Rxd4 26. Nb2 Nd5 27. Rac1 Kg7 28. Nxd3 exd3 29. Rd2 Kf6 30. Rcd1 Nf4 31. g3 Ne2+ 32. Kf1 Nc3 33. Rxd3 Rc4 34. Rc1 1-0

[Event "*** SCC Grand Prix: Titled Tuesday Blitz"]
[Site "Chess.com"]
[Date "2020.06.02"]
[Round "4"]
[White "MITerryble"]
[Black "mbachez"]
[Result "1-0"]
[WhiteElo "2813"]
[BlackElo "2529"]
[TimeControl "180+1"]
[EndTime "10:37:32 PDT"]
[Termination "MITerryble won by resignation"]

1. Nf3 Nf6 2. c4 c6 3. e3 d5 4. b3 a5 5. Bb2 a4 6. bxa4 Bf5 7.
Nc3 e6 8. Qb3 Na6 9. d4 Nb4 10.
Rc1 Nd7 11. c5 Nd3+ 12. Bxd3 Bxd3 13. Nxd5 Ba6 14. Nb4 Rb8 15. Bc3 Be7 16. Nxa6 bxa6 17. Qc4 O-O 18. Qxa6 Nf6 19. Qxc6 Nd5 20. O-O Ra8 21.
Bd2 Bf6 22. Rb1 Ne7 23. Qb5 Qd5 24. Qb3 Qe4 25. a5 Nd5 26. Rfc1 g5 27. Qc2 Qg4 28. h3 Qh5 29. Qe4 Bd8 30. Rb5 Bc7 31. Qg4 1-0

[Event "*** SCC Grand Prix: Titled Tuesday Blitz"]
[Site "Chess.com"]
[Date "2020.06.02"]
[Round "4"]
[White "MarcoRiehle"]
[Black "TrenerChos"]
[Result "1-0"]
[WhiteElo "2621"]
[BlackElo "2350"]
[TimeControl "180+1"]
[EndTime "10:37:34 PDT"]
[Termination "MarcoRiehle won by resignation"]

1. e4 c5 2. a3 e5 3. Nc3 Nf6 4. Bc4 Be7 5. d3 O-O 6. f4 d6 7. Nf3 Nc6 8. O-O a6 9. f5 Nd4 10. Nd5 Nxd5 11. Bxd5 Rb8 12. Nxd4 exd4 13. g4 Kh8 14.
Qf3 Bg5 15. Qg3 Bh4 16. Qg2 b5 17. g5 f6 18. g6 h6 19. Bxh6 Bb7 20. Bf4 Bxd5 21.
Qh3 Re8 22. Qxh4+ Kg8 23. Qh7+ Kf8 24. exd5 Re5 25. Bxe5 dxe5 26. Qh8+ Ke7 27. Qxd8+ Rxd8 28. Rf3 Rh8 29. c3 Rh4 30. cxd4 Rxd4 31. Rh3 Rg4+ 32.
Kf2 Rf4+ 33. Rf3 Rh4 34. h3 Kd6 35. Rg1 Kxd5 36. Rg4 Rh5 37. Kg3 Rh8 38. Rh4 Rd8 39. Rh7 Rd7 40. h4 c4 41. dxc4+ bxc4 42. h5 Ke4 43. h6 c3 44. Rxc3 Kxf5 45. hxg7 Rd8 46. Rh8 1-0

[Event "*** SCC Grand Prix: Titled Tuesday Blitz"]
[Site "Chess.com"]
[Date "2020.06.02"]
[Round "4"]
[White "Zq1"]
[Black "GigaQuparadze"]
[Result "0-1"]
[WhiteElo "2534"]
[BlackElo "2836"]
[TimeControl "180+1"]
[EndTime "10:37:36 PDT"]
[Termination "GigaQuparadze won by resignation"]

1. d4 Nf6 2. c4 e6 3. Nc3 Bb4 4. e3 c5 5. Bd3 cxd4 6. exd4 d5 7. cxd5 Nxd5 8. Ne2 Nc6 9. O-O O-O 10. Bc2 Be7 11. Qd3 g6 12. a3 Bg5 13. Bxg5 Qxg5 14. Nxd5 exd5 15. Bb3 Bg4 16. Nc3 Rad8 17. f3 Bf5 18. Qd1 Qe3+ 19. Kh1 Be6 20. Ne2 Rfe8 21. Rc1 Bf5 22.
Ng3 Nxd4 23. Rc3 Qe5 24. f4 Qf6 25. Rc7 Qb6 26. Ba4 Re3 27. Rc3 Re6 28. Nxf5 Nxf5 0-1

[Event "*** SCC Grand Prix: Titled Tuesday Blitz"]
[Site "Chess.com"]
[Date "2020.06.02"]
[Round "4"]
[White "Arkady_Gitelson"]
[Black "DishonorOnYourCow"]
[Result "1-0"]
[WhiteElo "2476"]
[BlackElo "2298"]
[TimeControl "180+1"]
[EndTime "10:37:36 PDT"]
[Termination "Arkady_Gitelson won by resignation"]

1. Nc3 Nf6 2. d4 d5 3. Bf4 g6 4.
e3 Bg7 5. h4 c6 6. Be2 b5 7. h5 b4 8. Na4 gxh5 9. Bxh5 Bf5 10. Be2 Nbd7 11. Nf3 Qa5 12. b3 c5 13. Ne5 cxd4 14.
Nc6 dxe3 15. Nxa5 exf2+ 16. Kf1 Ne4 17. Qxd5 e5 18. Qxa8+ Ke7 19. Qd5 exf4 20. Nc6+ Ke8 21. Rd1 Bg6 22. Qxd7+ 1-0

[Event "*** SCC Grand Prix: Titled Tuesday Blitz"]
[Site "Chess.com"]
[Date "2020.06.02"]
[Round "4"]
[White "Playgood28"]
[Black "zaur-mammadov"]
[Result "0-1"]
[WhiteElo "2307"]
[BlackElo "2592"]
[TimeControl "180+1"]
[EndTime "10:37:37 PDT"]
[Termination "zaur-mammadov won by resignation"]

1. d4 d5 2. c4 dxc4 3. e4 e5 4. Nf3 exd4 5. Bxc4 Nc6 6. O-O Be6 7. Bxe6 fxe6 8.
Qb3 Qd7 9. Qxb7 Rb8 10. Qa6 Nf6 11. Nbd2 Bd6 12. b3 O-O 13. Bb2 e5 14. Qc4+ Kh8 15.
Rac1 Ne7 16. Ng5 Ng6 17. Ne6 Rfc8 18. Nc5 Qg4 19. f3 Qg5 20. Rf2 Bxc5 21. Qxc5 Nf4 22. Qc4 Nh3+ 23. Kf1 Nxf2 24. Kxf2 Qxd2+ 0-1

[Event "*** SCC Grand Prix: Titled Tuesday Blitz"]
[Site "Chess.com"]
[Date "2020.06.02"]
[Round "4"]
[White "LisikValera"]
[Black "Alexander_Donchenko"]
[Result "0-1"]
[WhiteElo "2492"]
[BlackElo "2697"]
[TimeControl "180+1"]
[EndTime "10:37:40 PDT"]
[Termination "Alexander_Donchenko won by resignation"]

1. d4 d5 2. Bf4 c5 3. e3 cxd4 4. exd4 Nc6 5. c3 Bf5 6. Bd3 Bxd3 7. Qxd3 e6 8. Nd2 Bd6 9. Bg3 Nf6 10. Ngf3 O-O 11.
Bh4 Rb8 12. O-O Be7 13. Rfe1 Ne8 14. Bg3 Bd6 15. Re2 Bxg3 16. hxg3 Nd6 17. Rae1 b5 18.
Nb3 b4 19. Nc5 bxc3 20. Qxc3 Rb6 21. a3 Nc4 22. b4 a5 23. Rb1 axb4 24. axb4 Qe7 25.
Ra2 Rfb8 26. Ra4 h6 27. Nd2 Nd6 28. Na6 Ra8 29. Rba1 Nb5 30. Qc5 Qb7 31. Nb3 Rbxa6 32. Rxa6 Rxa6 33. Qc1 Rxa1 34. Qxa1 Nxb4 35. Qa5 Nc6 36.
Qa4 Qb6 37. Qa8+ Kh7 38. Qe8 Nd6 39. Qd7 Qxb3 0-1

[Event "*** SCC Grand Prix: Titled Tuesday Blitz"]
[Site "Chess.com"]
[Date "2020.06.02"]
[Round "4"]
[White "Evgeny81"]
[Black "Alex_Molchanov"]
[Result "1-0"]
[WhiteElo "2715"]
[BlackElo "2503"]
[TimeControl "180+1"]
[EndTime "10:37:42 PDT"]
[Termination "Evgeny81 won by checkmate"]

1. d4 d5 2. c4 e6 3. Nf3 Nf6 4. Nc3 Be7 5. Bg5 Nbd7 6. e3 h6 7. Bh4 O-O 8. Qc2 c5 9. cxd5 Nxd5 10. Bxe7 Nxe7 11. Be2 cxd4 12. Nxd4 Qa5 13. O-O Nf6 14. Bf3 Rb8 15. Nb3 Qg5 16. Rfd1 b6 17. Rac1 Bb7 18. Bxb7 Rxb7 19. Ne4 Nxe4 20. Qxe4 Nd5 21. Nd4 Rc7 22. Rxc7 Nxc7 23. Nc6 Qb5 24. Qc2 Nd5 25. a4 Qa6 26. h3 Rc8 27. Rxd5 Rxc6 28. Rd8# 1-0

[Event "*** SCC Grand Prix: Titled Tuesday Blitz"]
[Site "Chess.com"]
[Date "2020.06.02"]
[Round "4"]
[White "kintoho"]
[Black "Tayson_7"]
[Result "0-1"]
[WhiteElo "2351"]
[BlackElo "2599"]
[TimeControl "180+1"]
[EndTime "10:37:42 PDT"]
[Termination "Tayson_7 won by checkmate"]

1. e4 e5 2. Nf3 Nc6 3. Nc3 g6 4. d4 exd4 5. Nxd4 Bg7 6. Be3 Nge7 7. Qd2 d6 8. O-O-O Be6 9. Nxe6 fxe6 10. Bc4 Qd7 11. Bh6 Bxh6 12. Qxh6 O-O-O 13. Qh3 Kb8 14. Bxe6 Qe8 15. f4 Qf8 16. g3 Qg7 17. Qg2 h5 18. h4 a6 19. Rd2 Nc8 20. Rhd1 Rhe8 21. Bd5 Na5 22. a3 Nb6 23. Ba2 Nac4 24. Rd3 Nxb2 25.
Kxb2 Na4+ 26. Kb3 Nc5+ 27. Kb2 Na4+ 28. Kb3 Nc5+ 29. Kb2 Rxe4 30. Kb1 Re7 31. Nd5 Nxd3 32. Nxe7 Qb2# 0-1

[Event "*** SCC Grand Prix: Titled Tuesday Blitz"]
[Site "Chess.com"]
[Date "2020.06.02"]
[Round "4"]
[White "NFChess13"]
[Black "pfalcon1949"]
[Result "1-0"]
[WhiteElo "2382"]
[BlackElo "2022"]
[TimeControl "180+1"]
[EndTime "10:37:42 PDT"]
[Termination "NFChess13 won by resignation"]

1. e4 e6 2. d4 d5 3. Nd2 c5 4. Ngf3 Nc6 5. exd5 exd5 6. Bb5 Qe7+ 7. Be2 Qc7 8. O-O Bd6 9. dxc5 Bxc5 10. Nb3 Bd6 11. Qxd5 Nge7 12. Qh5 Be6 13. Be3 O-O-O 14. Nbd4 Nxd4 15.
Nxd4 Bd5 16. Nb5 Qa5 17. c4 g6 18. Qg5 h6 19. Qf6 Qa6 20. Nxd6+ Qxd6 21. Qxd6 Rxd6 22.
cxd5 Nxd5 23. Rac1+ Kb8 24. Bd4 Rhd8 25. Be5 1-0

[Event "*** SCC Grand Prix: Titled Tuesday Blitz"]
[Site "Chess.com"]
[Date "2020.06.02"]
[Round "4"]
[White "shineatchess"]
[Black "bascheyaro"]
[Result "0-1"]
[WhiteElo "2468"]
[BlackElo "2738"]
[TimeControl "180+1"]
[EndTime "10:37:43 PDT"]
[Termination "bascheyaro won on time"]

1. e4 e6 2. d4 d5 3. Bd3 c5 4.
exd5 exd5 5. Nf3 c4 6. Be2 Bd6 7. O-O Ne7 8. b3 cxb3 9. axb3 O-O 10. c4 Nbc6 11. Nc3 Bf5 12. c5 Bc7 13. Be3 Qd7 14. Ra4 a6 15. b4 Rae8 16. b5 axb5 17. Nxb5 Bb8 18. Re1 Be4 19. Nc3 Nf5 20. Bb5 Qc7 21.
g3 Bxf3 22. Qxf3 Nfxd4 23. Qd1 Nxb5 24. Nxb5 Qd7 25. Rh4 Re6 26. Nd4 Re4 27. Rxe4 dxe4 28. Kg2 Ne5 29. Nc2 Qf5 30. Bf4 Nd3 0-1

[Event "*** SCC Grand Prix: Titled Tuesday Blitz"]
[Site "Chess.com"]
[Date "2020.06.02"]
[Round "4"]
[White "ZverevLev"]
[Black "wild_cat99"]
[Result "0-1"]
[WhiteElo "2233"]
[BlackElo "2576"]
[TimeControl "180+1"]
[EndTime "10:37:43 PDT"]
[Termination "wild_cat99 won by checkmate"]

1. e4 c5 2. Nf3 d6 3. d4 cxd4 4. Nxd4 Nf6 5. Nc3 a6 6. Bg5 Nbd7 7. f4 Qc7 8. Qf3 h6 9. Bxf6 Nxf6 10. f5 Qc5 11. O-O-O g5 12. fxg6 Bg4 13. gxf7+ Kxf7 14. Qd3 Bxd1 15. Nxd1 Bg7 16. g3 Nxe4 17. Qxe4 Qxd4 18.
Bc4+ Ke8 19. Qxb7 Qa7 20. Qc6+ Kd8 21. Be6 Rf8 22. Kb1 a5 23. Ne3 Rb8 24. Nc4 Qb7 25.
Qxb7 Rxb7 26. Nxa5 Rxb2+ 27. Kc1 Rb5 28. Nc6+ Kc7 29.
Nxe7 Re5 30. Ng6 Rxe6 31. Nxf8 Bxf8 32. Rf1 Be7 33. Rf7 Kc6 34. h4 Bf6 35. Rh7 Be5 36. g4 Bc3 37. Kb1 Re1# 0-1

[Event "*** SCC Grand Prix: Titled Tuesday Blitz"]
[Site "Chess.com"]
[Date "2020.06.02"]
[Round "4"]
[White "Forking_U"]
[Black "reniite"]
[Result "1-0"]
[WhiteElo "2195"]
[BlackElo "1812"]
[TimeControl "180+1"]
[EndTime "10:37:43 PDT"]
[Termination "Forking_U won by resignation"]

1. e4 c6 2. d4 d5 3. e5 Bf5 4.
h4 h5 5. Bd3 Bxd3 6. Qxd3 Qa5+ 7. Nd2 Qa6 8. e6 Qxd3 9. exf7+ Kxf7 10. cxd3 Nd7 11. Ndf3 Re8 12. Bf4 Ngf6 13. Nh3 Ng4 14. Nhg5+ Kg8 15. Ne6 g6 16. Nfg5 Bh6 17. f3 Bxg5 18.
hxg5 Kf7 19. Nc7 e5 20. Nxe8 Rxe8 21. dxe5 Ngxe5 22. Kd2 Nc5 23. Bxe5 Rxe5 24. d4 1-0

[Event "*** SCC Grand Prix: Titled Tuesday Blitz"]
[Site "Chess.com"]
[Date "2020.06.02"]
[Round "4"]
[White "MightyGMpretender"]
[Black "BocharovD"]
[Result "0-1"]
[WhiteElo "2587"]
[BlackElo "2775"]
[TimeControl "180+1"]
[EndTime "10:37:47 PDT"]
[Termination "BocharovD won by resignation"]

1. Nf3 c5 2. c4 Nc6 3. Nc3 g6 4. e3 Nf6 5. d4 cxd4 6. exd4 d5 7. cxd5 Nxd5 8. Bc4 Nb6 9. Bb5 Bg7 10. Bxc6+ bxc6 11. O-O O-O 12. h3 Be6 13. Bf4 Nd5 14. Be5 f6 15.
Bg3 Bf7 16. Ne4 Qb6 17. b3 Rad8 18. Qc2 Nb4 19. Qc5 Bd5 20. Ned2 Qxc5 21. dxc5 e5 22. a3 Nd3 23. b4 f5 24. Rab1 e4 25. Ne1 Nxe1 26.
Rfxe1 f4 27. Bh4 Rde8 28. f3 e3 29. Ne4 Bxe4 30. fxe4 Rxe4 31. Be7 Rxe7 0-1

[Event "*** SCC Grand Prix: Titled Tuesday Blitz"]
[Site "Chess.com"]
[Date "2020.06.02"]
[Round "4"]
[White "Kezin_Roman"]
[Black "Mizner"]
[Result "1-0"]
[WhiteElo "2693"]
[BlackElo "2492"]
[TimeControl "180+1"]
[EndTime "10:37:49 PDT"]
[Termination "Kezin_Roman won on time"]

1. d4 d5 2. c4 e6 3. Nf3 Nf6 4. g3 Be7 5. Bg2 O-O 6. O-O dxc4 7. Qc2 a6 8. a4 Nc6 9. Qxc4 a5 10. Nc3 Nb4 11.
Rd1 b6 12. Ne5 Ba6 13. Qb3 Rb8 14. Bf4 h6 15. Rac1 Bd6 16. e4 Qe7 17. Nb5 Bb7 18.
Re1 Rfd8 19. Rcd1 Qe8 20. Nxf7 Qxf7 21. e5 Bxg2 22. Kxg2 Nfd5 23. exd6 Nxf4+ 24. gxf4 c6 25. Nc7 Rxd6 26. Nxe6 Re8 27. Ng5 1-0

[Event "*** SCC Grand Prix: Titled Tuesday Blitz"]
[Site "Chess.com"]
[Date "2020.06.02"]
[Round "4"]
[White "MatyChess1"]
[Black "chenxiaoyuer"]
[Result "0-1"]
[WhiteElo "2578"]
[BlackElo "2330"]
[TimeControl "180+1"]
[EndTime "10:37:49 PDT"]
[Termination "chenxiaoyuer won by resignation"]

1. e4 c5 2. Nf3 d6 3. d4 cxd4 4.
Nxd4 Nf6 5. Nc3 Nc6 6. Be2 e5 7. Nf3 Be7 8. O-O O-O 9. Re1 h6 10. h3 Be6 11. Bf1 Rc8 12. Nd5 Bxd5 13. exd5 Nb8 14.
c4 Nfd7 15. b4 b6 16. Rb1 f5 17. g4 fxg4 18. hxg4 Qe8 19. Bd3 Nf6 20. Nd2 Qf7 21.
Qe2 Nxg4 22. Qxg4 Qxf2+ 23. Kh1 Qxe1+ 24. Kg2 Rf2+ 25. Kh3 Qh1+ 0-1